 Dungeon Crawl Stone Soup version 0.30.1 (webtiles) character file.

Game seed: 6070469984045420004

5087 Sanktem7 the Cleaver (level 10, -3/91 HPs)
             Began as a Minotaur Fighter on July 11, 2023.
             Was a Believer of Okawaru.
             Slain by a yak (6 damage)
             ... on level 8 of the Dungeon.
             The game lasted 00:11:01 (6897 turns).

Sanktem7 the Cleaver (Minotaur Fighter)             Turns: 6897, Time: 00:11:02

Health: -3/91      AC: 14    Str: 24    XL:     10   Next: 31%
Magic:  9/9        EV:  8    Int:  5    God:    Okawaru [**....]
Gold:   823        SH:  6    Dex: 11    Spells: 9/9 levels left

rFire   . . .        D - +0 broad axe {axe}
rCold   . . .        c - +0 buckler
rNeg    . . .        N - +0 chain mail
rPois   .            (helmet restricted)
rElec   .            j - +0 cloak
rCorr   .            (no gloves)
SInv    .            t - +0 pair of boots
Will    .....        w - amulet of the acrobat Stlth
                     (no ring)
HPRegen 0.35/turn    (no ring)
MPRegen 0.11/turn

%: acrobat
@: hasted, very quick
A: horns 2, retaliatory headbutt
a: Renounce Religion, Heroism


You were on level 8 of the Dungeon.
You worshipped Okawaru.
Okawaru was pleased with you.
You visited 1 branch of the dungeon, and saw 8 of its levels.
You also visited: Ossuary.

You collected 823 gold pieces.


Innate Abilities, Weirdness & Mutations

You have a pair of horns on your head.
You reflexively headbutt those who attack you in melee.


   Skills:
 + Level 9.0 Fighting
 * Level 11.8 Axes
 + Level 9.0 Armour
 + Level 8.9 Shields


You had 9 spell levels left.
You didn't know any spells.
Your spell library contained the following spells:

 Spells                   Type           Power      Damage    Failure   Level
 Ensorcelled Hibernation  Hex/Ice        0%         N/A       99%         2
 Passwall                 Tmut/Erth      0%         N/A       99%         2
 Frozen Ramparts          Ice            0%         1d1       100%        3
 Swiftness                Air            0%         N/A       100%        3
 Ice Form                 Ice/Tmut       0%         N/A       100%        4
 Summon Ice Beast         Ice/Summ       Unusable   N/A       N/A         4

Inventory:

Hand Weapons
 D - a +0 broad axe (weapon) {axe}
   (You took it off Blork the orc on level 5 of the Dungeon)
 G - a +1 trident of protection {polearm}
   (You took it off an orc on level 6 of the Dungeon)
 I - a +3 short sword {short}
   (You took it off a wight on level 6 of the Dungeon)
 M - a +0 dagger of venom {short}
   (You took it off an orc wizard on level 7 of the Dungeon)
Missiles
 a - 15 poisoned darts {throwing}
 m - 89 stones (quivered) {throwing}
 n - 4 silver javelins {throwing}
 z - a javelin {throwing}
 A - a throwing net {=f!fthrowing}
 O - a curare-tipped dart {=fthrowing}
Armour
 c - a +0 buckler (worn)
 j - a +0 cloak (worn)
   (You found it on level 1 of the Dungeon)
 t - a +0 pair of boots (worn)
   (You found it on level 3 of the Dungeon)
 N - a +0 chain mail (worn)
   (You found it on level 7 of the Dungeon)
 P - the +0 leather armour of the Heron {Rampage +Inv}
   (You took it off an orc wizard on level 8 of the Dungeon)

   +Inv:      It lets you turn invisible.
   Rampage:   It bestows one free step when moving towards enemies.
Jewellery
 w - an amulet of the acrobat (around neck)
   (You took it off a hobgoblin on level 3 of the Dungeon)
Wands
 h - a wand of flame (16)
   (You took it off Ijyb on level 5 of the Dungeon)
 o - a wand of paralysis (7)
   (You took it off an orc on level 5 of the Dungeon)
 C - a wand of polymorph (6)
   (You took it off Blork the orc on level 5 of the Dungeon)
Scrolls
 f - 4 scrolls of vulnerability {unknown}
 k - 2 scrolls of blinking {unknown}
 l - 3 scrolls of poison {unknown}
 q - 3 scrolls of fear {unknown}
 r - 5 scrolls of teleportation {unknown}
 s - 2 scrolls of magic mapping {unknown}
 u - a scroll of fog {unknown}
 v - 2 scrolls of immolation {unknown}
 x - 2 scrolls of brand weapon {unknown}
 y - 6 scrolls of identify {unknown}
 B - a scroll of silence {unknown}
 F - a scroll of torment {unknown}
 H - a scroll of amnesia {unknown}
 Q - a scroll of enchant weapon {unknown}
Potions
 b - a potion of flight {unknown}
 d - 2 potions of might
 e - 2 potions of mutation {unknown}
 g - a potion of experience {unknown}
 i - a potion of curing {unknown}
 p - 2 potions of invisibility {unknown}
 E - a potion of berserk rage {unknown}
 J - 2 potions of haste {@q3}
 K - 2 potions of brilliance {unknown}
 L - 3 potions of heal wounds {unknown}

Dungeon Overview and Level Annotations

Branches:
Dungeon (8/15) Zot: 26171  Temple (0/1) D:7            Lair (0/5) D:8
Ossuary (visited)

Altars:
Dithmenos
Elyvilon
Gozag
Hepliaklqana
Kikubaaqudgha
Makhleb
Okawaru
Qazlal
Sif Muna
Yredelemnul
The Shining One

Shops:
D:4

( ###......
............. ...###..
..........#. #### #..
......♣.... #.#
..>.......# ####.#
..........# ######.....
..........# #.......##.
....♣.Y†Y#####.....####.
......Y@.##....##### #.
......Y.....#### #.
.....♣.##.### ## .... ##
#.# ... ... ## ....#
######


You could see 4 yaks.


Message History

You headbutt the yak! The yak closely misses you. You block the yak's attack.
The basilisk closely misses you.
You hit the yak. You hit the yak but do no damage. You hit the yak.
You barely miss the basilisk. The yak gores you but does no damage.
You block the yak's attack. The yak gores you but does no damage.
The basilisk bites you! 😕 HP[-9]
You take 9 damage, and now have 78/90 hp.
You slash the yak! You headbutt the yak.
You kill the yak!
Okawaru accepts your kill.
You closely miss the yak. You hit the yak but do no damage.
You completely miss the yak. You slash the basilisk!
You block the basilisk's attack.
The yak gores you but does no damage. x2
You block the yak's attack.
Your Fighting skill increases to level 9! 😕 HP[+1]
You now have 91 max hp (+1).
You closely miss the basilisk. You headbutt the basilisk! You slash the yak! x2
You closely miss the yak. You slash the yak!
The basilisk bites you but does no damage.
You block the yak's attack.
The yak gores you! x2; You block the yak's attack. 😮 HP[-18]
You take 18 damage, and now have 61/91 hp.
You are too injured to fight recklessly!
You are too injured to fight recklessly!
You are too injured to fight recklessly!
You are too injured to fight recklessly!
You are too injured to fight recklessly!
You are too injured to fight recklessly!
You are too injured to fight recklessly!
You are too injured to fight recklessly!
You are too injured to fight recklessly!
You are too injured to fight recklessly!
You are too injured to fight recklessly!
You are too injured to fight recklessly!
You are too injured to fight recklessly!
You are too injured to fight recklessly!
You are too injured to fight recklessly!
You are too injured to fight recklessly!
You are too injured to fight recklessly!
Unknown command.
You hit the basilisk. You hit the yak but do no damage. You slash the yak! x2
You barely miss the yak. The basilisk gazes at you.
You are slowing down.
The yak barely misses you. You furiously retaliate!
You headbutt the yak!
The yak gores you but does no damage. x2; The yak barely misses you. 😮 HP[+1]
You slash the basilisk!
You kill the basilisk!
Okawaru accepts your kill.
You hit the yak. You hit the yak but do no damage. x3
The yak gores you but does no damage. x2; The yak gores you! x2
The yak barely misses you. You furiously retaliate!
You headbutt the yak. The yak gores you but does no damage.
The yak barely misses you. You furiously retaliate!
You headbutt the yak, but do no damage. The yak gores you but does no damage.
Your limbs are stiffening. 😮 HP[-12]
You take 12 damage, and now have 50/91 hp.
You closely miss the yak. You barely miss the yak.
You hit the yak but do no damage. x2
The yak snorts and paws the ground.
The yak gores you but does no damage. x3; The yak gores you.
You have turned to stone.
The yak gores you but does no damage. The yak gores you! x2
* * * LOW HITPOINT WARNING * * *
The yak gores you!
* * * LOW HITPOINT WARNING * * *
The yak gores you but does no damage. x7
The yak gores you.
* * * LOW HITPOINT WARNING * * *
The yak gores you but does no damage. x2; The yak gores you!
* * * LOW HITPOINT WARNING * * *
The yak gores you but does no damage. The yak gores you!
* * * LOW HITPOINT WARNING * * *
The yak snorts and paws the ground.
The yak gores you but does no damage. The yak gores you.
* * * LOW HITPOINT WARNING * * *
The yak gores you!
* * * LOW HITPOINT WARNING * * *
The yak gores you!
* * * LOW HITPOINT WARNING * * *
The yak gores you but does no damage. The yak completely misses you.
The yak gores you!
* * * LOW HITPOINT WARNING * * *
The yak gores you.
* * * LOW HITPOINT WARNING * * *
The yak gores you but does no damage. The yak gores you!
* * * LOW HITPOINT WARNING * * *
The yak gores you but does no damage.
You turn to flesh and can move again. 😱 HP[-47]
You take 47 damage, and now have 3/91 hp.
MASSIVE DAMAGE!! (PAUSE)
Okay, then.
It was a potion of haste.
You feel yourself speed up. The yak gores you.
You die...

Skill      XL: |  1  2  3  4  5  6  7  8  9 10 |
---------------+-------------------------------+-----
Axes           | 3 4 5 6 7 9 11 | 11.8
Fighting       | 4 5 6 7 8 9 |  9.0
Armour         | 4 5 6 7 8 9 |  9.0
Shields        | 4 5 6 7 8 |  8.9

Action                     |  1- 3 |  4- 6 |  7- 9 | 10-12 || total
---------------------------+-------+-------+-------+-------++-------
  Melee: War axe           |    47 |   119 |     1 |       ||   167
         Headbutt          |     5 |    13 |    51 |    15 ||    84
         Broad axe         |       |       |   232 |    72 ||   304
    Use: Potion            |       |       |       |     1 ||     1
 Armour: Scale mail        |    21 |    44 |    83 |       ||   148
         Chain mail        |       |       |    32 |    58 ||    90
  Dodge: Dodged            |    15 |    45 |   106 |    32 ||   198
  Block: Buckler           |     8 |    20 |    58 |    23 ||   109

Levels and vault maps discovered:
D:1:      tarquinn_simple_flora_water_d, layout_basic,
          chequers_serial_rivers_small_b
D:2:      layout_basic, uniq_crazy_yiuf_cottage
D:3:      layout_basic, mainiacjoe_overflow_paths,
          nicolae_overflow_hidden_temple, serial_undead, serial_undead_e,
          serial_undead_f, serial_undead_a, serial_undead_e
D:4:      layout_basic, elyvilon_altar_4, bloody_makhleb,
          nicolae_shop_firing_range
D:5:      layout_basic, mainiacjoe_overflow_tiny_flanked, uniq_ijyb,
          uniq_blork_the_orc, uniq_menkaure
D:6:      kb_forest_paths, layout_basic, kennysheep_little_box,
          nicolae_ossuary_entry_monument
D:7:      layout_basic, chequers_temple_overflow_minitemple,
          mainiacjoe_overflow_small_starburst,
          minmay_temple_entry_enclosed_plants
D:8:      layout_rooms, amcnicky_altar_gilded, mainiacjoe_overflow_alcove_2,
          minmay_lair_entry_grove, hangedman_minor_gate_pass

Notes
Turn   | Place    | Note
-------+----------+-------------------------------------------
     0 | D:1      | Sanktem7 the Minotaur Fighter began the quest for the Orb.
     0 | D:1      | Reached XP level 1. HP: 19/19 MP: 0/0
     0 | D:1      | magus.rc [v1.9.6]
   165 | D:1      | Reached XP level 2. HP: 27/27 MP: 1/1
   270 | D:1      | Reached skill level 3 in Axes
   903 | D:2      | Reached skill level 4 in Fighting
   909 | D:2      | Reached XP level 3. HP: 29/33 MP: 2/2
   971 | D:2      | Reached skill level 4 in Armour
   971 | D:2      | Reached skill level 4 in Shields
  1202 | D:2      | Reached XP level 4. HP: 40/40 MP: 3/3
  1258 | D:2      | Found a runed translucent door.
  1259 | D:2      | Noticed Crazy Yiuf
  1372 | D:2      | Reached skill level 4 in Axes
  1600 | D:2      | Killed Crazy Yiuf
  1601 | D:2      | Reached XP level 5. HP: 21/47 MP: 4/4
  1607 | D:2      | HP: 11/47 [poisoned by Crazy Yiuf]
  1969 | D:3      | Identified the +4 spear of the Ageless Ghosts {speed,
                  | +Blink Will+ Stlth+}
  1970 | D:3      | Found an opulent altar of Gozag.
  2221 | D:3      | Found a shadowy altar of Dithmenos.
  2539 | D:4      | Reached skill level 5 in Axes
  2615 | D:4      | Found Tuiteros's Firing Range.
  2707 | D:4      | Reached XP level 6. HP: 55/55 MP: 5/5
  2817 | D:4      | Reached skill level 5 in Fighting
  2817 | D:4      | Reached skill level 5 in Armour
  2817 | D:4      | Reached skill level 5 in Shields
  2940 | D:4      | Found a white marble altar of Elyvilon.
  3065 | D:4      | Found a burning altar of Makhleb.
  3340 | D:5      | Entered Level 5 of the Dungeon
  3382 | D:5      | Reached skill level 6 in Axes
  3382 | D:5      | Reached XP level 7. HP: 57/61 MP: 6/6
  3396 | D:5      | Noticed Blork the orc
  3398 | D:5      | Killed Blork the orc
  3403 | D:5      | You pick up a book of Burglary and begin reading...
  3403 | D:5      | You add the spells Passwall, Ensorcelled Hibernation and
                  | Swiftness to your library.
  3665 | D:5      | Found an ancient bone altar of Kikubaaqudgha.
  3747 | D:5      | Reached skill level 7 in Axes
  3754 | D:5      | Reached skill level 6 in Fighting
  3754 | D:5      | Reached skill level 6 in Armour
  3821 | D:5      | Reached skill level 6 in Shields
  3855 | D:5      | Noticed Ijyb
  3864 | D:5      | Killed Ijyb
  3949 | D:5      | Noticed Menkaure
  3956 | D:5      | Killed Menkaure
  3957 | D:5      | Reached XP level 8. HP: 38/70 MP: 7/7
  4217 | D:6      | Reached skill level 8 in Axes
  4248 | D:6      | Found a shimmering blue altar of Sif Muna.
  4255 | D:6      | Found a sand-covered staircase.
  4263 | Ossuary  | Entered an ossuary
  4864 | D:6      | Reached skill level 7 in Fighting
  4864 | D:6      | Reached skill level 7 in Armour
  4967 | D:6      | Reached skill level 9 in Axes
  4967 | D:6      | Reached skill level 7 in Shields
  5154 | D:6      | Reached XP level 9. HP: 61/79 MP: 8/8
  5431 | D:7      | You pick up a book of Rime and begin reading...
  5431 | D:7      | You add the spells Frozen Ramparts, Ice Form and Summon Ice
                  | Beast to your library.
  5670 | D:7      | Found a hazy altar of Hepliaklqana.
  5703 | D:7      | Reached skill level 10 in Axes
  5959 | D:7      | Found a faded altar of an unknown god.
  5959 | D:7      | Found a stormy altar of Qazlal.
  5967 | D:7      | Found an iron altar of Okawaru.
  5969 | D:7      | Found a basalt altar of Yredelemnul.
  5971 | D:7      | Found a faded altar of an unknown god.
  5974 | D:7      | Became a worshipper of Warmaster Okawaru
  6052 | D:7      | Found a staircase to the Ecumenical Temple.
  6100 | D:8      | Reached skill level 8 in Fighting
  6100 | D:8      | Reached skill level 8 in Armour
  6126 | D:8      | Noticed a two-headed ogre
  6133 | D:8      | Killed a two-headed ogre
  6133 | D:8      | Reached * piety under Okawaru
  6134 | D:8      | Reached skill level 11 in Axes
  6134 | D:8      | Reached skill level 8 in Shields
  6154 | D:8      | HP: 16/82 [white imp/puff of frost (9)]
  6277 | D:8      | Reached XP level 10. HP: 41/90 MP: 9/9
  6356 | D:8      | Identified the +0 leather armour of the Heron {Rampage
                  | +Inv}
  6362 | D:8      | Reached ** piety under Okawaru
  6649 | D:8      | Reached skill level 9 in Armour
  6664 | D:8      | Found a glowing golden altar of the Shining One.
  6878 | D:8      | Found a staircase to the Lair.
  6886 | D:8      | Reached skill level 9 in Fighting
  6894 | D:8      | HP: 19/91 [yak (6)]
  6895 | D:8      | HP: 9/91 [yak (5)]
  6896 | D:8      | HP: 3/91 [yak (4)]
  6897 | D:8      | Slain by a yak

Vanquished Creatures
  A two-headed ogre (D:8)
  3 basilisks (D:8)
  3 yaks (D:8)
  A steam dragon (D:8)
  Menkaure (D:5)
  A water moccasin (D:7)
  3 orc warriors
  3 black bears
  2 sky beasts
  5 ogres
  An elf zombie (Ossuary)
  2 kobold brigands
  2 phantoms
  5 bullfrogs
  A gnoll sergeant (D:8)
  Blork the orc (D:5)
  3 scorpions
  2 wights (D:6)
  5 howler monkeys
  A centaur zombie (Ossuary)
  7 hounds
  A human zombie (Ossuary)
  A jelly (D:7)
  Crazy Yiuf (D:2)
  An orc priest (D:8)
  6 iguanas
  Ijyb (D:5)
  4 orc wizards
  A hound skeleton (D:3)
  2 mummies (Ossuary)
  7 gnolls
  5 adders
  A shadow imp (D:7)
  A white imp (D:8)
  An ufetubus (D:7)
  4 dart slugs
  2 worms
  19 orcs
  9 endoplasms
  2 giant cockroaches (D:4)
  11 goblins
  11 hobgoblins
  11 kobolds
  A quokka (D:4)
  3 training dummies (D:4)
  3 ball pythons
  A ball python skeleton (D:3)
  4 bats
  3 frilled lizards
  A gnoll zombie (Ossuary)
  5 goblin zombies (Ossuary)
  A hobgoblin zombie (Ossuary)
  4 orc zombies (Ossuary)
  A quokka skeleton (D:3)
  A quokka zombie (D:3)
  3 rats
186 creatures vanquished.

Table legend:
 A = Non-vault XP
 B = Vault XP
 C = Vault XP percentage of total XP
 D = Non-vault monster count
 E = Vault monster count
 F = Vault count percentage of total count
                 A         B        C        D         E       F
            +---------+---------+-------+---------+---------+-------
      Total |    4320 |    2948 |  40.6 |     138 |      48 |  25.8
            +---------+---------+-------+---------+---------+-------
        D:1 |      30 |       0 |   0.0 |      15 |       0 |   0.0
        D:2 |     129 |      41 |  24.1 |      23 |       1 |   4.2
        D:3 |      43 |      21 |  32.8 |      16 |       4 |  20.0
        D:4 |     333 |       6 |   1.8 |      21 |       3 |  12.5
        D:5 |     799 |     298 |  27.2 |      16 |       3 |  15.8
        D:6 |     469 |     487 |  50.9 |       5 |       6 |  54.5
        D:7 |     978 |       0 |   0.0 |      18 |       0 |   0.0
        D:8 |    1539 |    1860 |  54.7 |      24 |      15 |  38.5
    Ossuary |       0 |     235 | 100.0 |       0 |      16 | 100.0
            +---------+---------+-------+---------+---------+-------

Skill      XL: |  1  2  3  4  5  6  7  8  9 10 |
---------------+-------------------------------+-----
Axes           | 3 4 5 6 7 9 11 | 11.8
Fighting       | 4 5 6 7 8 9 |  9.0
Armour         | 4 5 6 7 8 9 |  9.0
Shields        | 4 5 6 7 8 |  8.9

Action                     |  1- 3 |  4- 6 |  7- 9 | 10-12 || total
---------------------------+-------+-------+-------+-------++-------
  Melee: War axe           |    47 |   119 |     1 |       ||   167
         Headbutt          |     5 |    13 |    51 |    15 ||    84
         Broad axe         |       |       |   232 |    72 ||   304
    Use: Potion            |       |       |       |     1 ||     1
 Armour: Scale mail        |    21 |    44 |    83 |       ||   148
         Chain mail        |       |       |    32 |    58 ||    90
  Dodge: Dodged            |    15 |    45 |   106 |    32 ||   198
  Block: Buckler           |     8 |    20 |    58 |    23 ||   109

Illustrated notes

Table legend:
 A = Kills in this place as a percentage of kills in the entire game.
 B = Kills by you in this place as a percentage of kills by you in the entire game.
 C = Kills by friends in this place as a percentage of kills by friends in the entire game.
 D = Other kills in this place as a percentage of other kills in the entire game.
 E = Experience gained in this place as a percentage of experience gained in the entire game.
 F = Experience gained in this place divided by the number of levels of this place that you have seen.
                   A       B       C       D       E      F
               +-------+-------+-------+-------+-------+----------------------
         Total | 100.0 | 100.0 |   N/A |   N/A | 100.0 | 807.6
       Dungeon |  91.4 |  91.4 |   N/A |   N/A |  96.8 | 879.1
       Ossuary |   8.6 |   8.6 |   N/A |   N/A |   3.2 | 235.0
               +-------+-------+-------+-------+-------+----------------------

Table legend: (Time is in decaauts)
 A = Elapsed time spent in this place.
 B = Non-inter-level travel time spent in this place.
 C = Inter-level travel time spent in this place.
 D = Time resting spent in this place.
 E = Time spent auto-exploring this place.
 F = Levels seen in this place.
 G = Mean time per level.
                   A        B        C        D        E       F      G
               +--------+--------+--------+--------+--------+-----+--------+
         Total |   6998 |   6690 |    308 |      0 |   5480 |   9 |  777.6 |
       Dungeon |   6818 |   6510 |    308 |      0 |   5362 |   8 |  852.2 |
       Ossuary |    179 |    179 |      0 |      0 |    118 |   1 |  179.0 |
               +--------+--------+--------+--------+--------+-----+--------+

Top non-repeatable levels by time:
     D:6: 1012 daAuts
     D:2: 976 daAuts
     D:5: 870 daAuts
     D:4: 854 daAuts
     D:1: 827 daAuts
     D:8: 827 daAuts
     D:3: 733 daAuts
     D:7: 717 daAuts
 Ossuary: 179 daAuts
